 Dungeon Crawl Stone Soup version 0.20.1-1-g8b1a95d (webtiles) character file.

99 kae the Insei (level 4, -5/35 HPs)
             Began as a Demonspawn Gladiator on Sept 15, 2017.
             Killed by divine providence
             ... invoked by an orc priest
              (12 damage)
             ... on level 3 of the Dungeon.
             The game lasted 00:01:07 (1575 turns).

kae the Insei (Demonspawn Gladiator)                Turns: 1575, Time: 00:01:07

Health: -5/35      AC:  4    Str: 15    XL:     4   Next: 45%
Magic:  4/4        EV: 12    Int:  9    God:
Gold:   75         SH:  0    Dex: 15    Spells: 3/3 levels left

rFire    . . .     SeeInvis .     - Unarmed
rCold    . . .     Gourm    .   (no shield)
rNeg     . . .     Faith    .   a - +0 leather armour
rPois    .         Spirit   .   b - +0 helmet
rElec    .         Reflect  .   (no cloak)
rCorr    .         Harm     .   (no gloves)
MR       .....                  (no boots)
Stlth    +.........             (no amulet)
Regen    0.2/turn               (no ring)
MPRegen  0.1/turn               (no ring)

@: no status effects
A: claws 1
a: no special abilities


You were on level 3 of the Dungeon.
You were not hungry.

You visited 1 branch of the dungeon, and saw 3 of its levels.

You collected 75 gold pieces.

Inventory:

Missiles
 c - 3 throwing nets (quivered)
Armour
 a - a +0 leather armour (worn)
 b - a +0 helmet (worn)
Jewellery
 n - a cursed ring of loudness {unknown}
 q - a +3 ring of strength {unknown}
Scrolls
 h - 4 scrolls of remove curse
 j - a scroll of magic mapping {unknown}
 k - a scroll of teleportation {unknown}
 l - a scroll of fog {unknown}
 o - 2 scrolls of identify {unknown}
 r - a scroll of random uselessness {unknown}
 s - a scroll of recharging {unknown}
 t - a scroll of blinking {unknown}
Potions
 e - a potion of might {unknown}
 g - a potion of agility {unknown}
 m - a potion of experience {unknown}
Comestibles
 d - 2 bread rations
 f - a royal jelly
 i - a meat ration
 p - a chunk of flesh


   Skills:
 + Level 3.1 Fighting
 - Level 1.7 Throwing
 - Level 2.6 Dodging
 * Level 4.2 Unarmed Combat


You had 3 spell levels left.
You didn't know any spells.

Dungeon Overview and Level Annotations

Branches:
Dungeon (3/15)

Altars:


Innate Abilities, Weirdness & Mutations

You have sharp fingernails.


Message History

An orc is nearby!
You are too injured to fight recklessly!
You are too injured to fight recklessly!
You are too injured to fight recklessly!
You are too injured to fight recklessly!
An orc comes into view. It is wielding a falchion.
The orc shouts!
Found a scroll labeled MADIOQ TANITYM.
An orc priest comes into view. It is wielding a hand axe.
Found a throwing net.
The orc priest shouts!
The orc priest invokes the aid of Beogh against you.
Beogh smites you!
* * * LOW HITPOINT WARNING * * *
The orc barely misses you.
You barely miss the orc. The orc hits you with a falchion.
* * * LOW HITPOINT WARNING * * *
The orc priest invokes the aid of Beogh against you.
Beogh smites you!
You die...

###### #....# #....#
####....#
#############.......#
#.(?ooo@......##....####
##.#############........
##...#...####.
#.........# ##
#...........#
#...........#
#...>.........#
............##..
......(#...## #.


You could see an orc priest and 2 orcs.

Vanquished Creatures
  5 adders
  An ooze (D:2)
  4 leopard geckos
  7 goblins
  3 hobgoblins
  7 jackals (D:1)
  5 kobolds (D:1)
  A quokka (D:3)
  7 bats
  6 frilled lizards
  3 rats
49 creatures vanquished.

Notes
Turn   | Place    | Note
-------+----------+-------------------------------------------
     0 | D:1      | kae the Demonspawn Gladiator began the quest for the Orb.
     0 | D:1      | Reached XP level 1. HP: 16/16 MP: 1/1
   297 | D:1      | Reached skill level 3 in Unarmed Combat
   317 | D:1      | Gained mutation: You have sharp fingernails. [demonic ancestry]
   317 | D:1      | Reached XP level 2. HP: 13/22 MP: 2/2
   771 | D:1      | Reached XP level 3. HP: 26/28 MP: 3/3
  1244 | D:2      | Reached XP level 4. HP: 24/34 MP: 4/4
  1321 | D:2      | Found a faded altar of an unknown god.
  1399 | D:3      | Reached skill level 4 in Unarmed Combat
  1575 | D:3      | Killed from afar by an orc priest

Skill      XL: |  1  2  3  4 |
---------------+-------------+-----
Unarmed Combat | 3 4 |  4.2
Fighting       | 3 |  3.1
Throwing       | |  1.7
Dodging        | |  2.6

Action                   |  1- 3 |  4- 6 || total
-------------------------+-------+-------++-------
Melee: Unarmed           |   143 |    33 ||   176
       Punch             |     1 |       ||     1
  Use: Scroll            |     1 |       ||     1
 Stab: Sleeping          |     2 |       ||     2
  Eat: Chunk             |     1 |     1 ||     2
Armor: Leather armour    |    62 |    10 ||    72
Dodge: Dodged            |   114 |    31 ||   145
